 Dungeon Crawl Stone Soup version 0.30.1-11-g7821555f0a (webtiles) character file.

Game seed: 5938488053368809645

624 fireball365 the Chopper (level 7, -12/61 HPs)
             Began as a Hill Orc Fighter on Dec 10, 2023.
             Mangled by an ogre
             ... wielding a +0 giant spiked club
              (19 damage)
             ... on level 4 of the Dungeon.
             The game lasted 00:03:46 (2780 turns).

fireball365 the Chopper (Hill Orc Fighter)          Turns: 2780, Time: 00:03:47

Health: -12/61     AC:  7    Str: 21    XL:     7   Next: 47%
Magic:  7/7        EV: 10    Int:  8    God:
Gold:   223        SH:  4    Dex: 10    Spells: 6/6 levels left

rFire   . . .        a - +0 war axe
rCold   . . .        c - +0 buckler
rNeg    . . .        b - +0 scale mail
rPois   .            (no helmet)
rElec   .            (no cloak)
rCorr   .            (no gloves)
SInv    .            (no boots)
Will    .....        (no amulet) Stlth
                     (no ring)
HPRegen 0.30/turn    (no ring)
MPRegen 0.10/turn

%: no passive effects
@: no status effects
A: no striking features
a: no special abilities


You were on level 4 of the Dungeon.
You visited 1 branch of the dungeon, and saw 4 of its levels.

You collected 223 gold pieces.

Inventory:

Hand Weapons
 a - a +0 war axe (weapon)
Missiles
 n - 7 poisoned darts (quivered)
Armour
 b - a +0 scale mail (worn)
 c - a +0 buckler (worn)
Jewellery
 i - a ring of ice
 j - a ring of protection from cold
 q - an amulet of magic regeneration
Wands
 v - a wand of roots (14)
Scrolls
 e - a scroll of acquirement {unknown}
 g - 7 scrolls of identify {unknown}
 h - 2 scrolls of summoning {unknown}
 o - 2 scrolls of fog {unknown}
 p - a scroll of fear {unknown}
 r - a scroll of enchant armour {unknown}
 s - 2 scrolls of teleportation {unknown}
 u - a scroll of enchant weapon {unknown}
 w - 2 scrolls of immolation {unknown}
Potions
 d - 2 potions of might
 f - 3 potions of lignification {unknown}
 k - 2 potions of curing {unknown}
 l - a potion of cancellation {unknown}
 m - a potion of haste {unknown}
 t - a potion of flight {unknown}
 x - 2 potions of heal wounds {unknown}
 z - a potion of brilliance {unknown}


   Skills:
 + Level 5.2 Fighting
 + Level 7.1 Axes
 + Level 5.4 Armour
 + Level 1.5 Dodging
 + Level 0.5 Stealth
 + Level 3.8 Shields


You had 6 spell levels left.
You didn't know any spells.
Your spell library contained the following spells:

 Spells                   Type           Power      Damage    Failure   Level
 Blink                    Tloc           0%         N/A       91%         2
 Cigotuvi's Dreadful Rot  Necr/Pois/Air  0%         N/A       91%         2
 Lesser Beckoning         Tloc           0%         N/A       91%         2
 Momentum Strike          Conj/Tloc      0%         3d8       91%         2
 Ignite Poison            Fire/Tmut/Pois 0%         N/A       99%         3
 Freezing Cloud           Conj/Ice/Air   0%         6-21      100%        5


Dungeon Overview and Level Annotations

Branches:
Dungeon (4/15)
 Temple: D:4-7

Altars:
Dithmenos

Annotations:
D:3 2 runed translucent doors, Barill's ghost, amateur DsWn


Message History

You barely miss the black bear.
The black bear is heavily wounded.
The black bear bites you but does no damage.
The black bear misses you. The black bear claws you.
The black bear bites you but does no damage.
The black bear misses you.
The black bear claws you but does no damage.
You slash the black bear!
The black bear is almost dead.
The black bear goes berserk!
You barely miss the black bear.
The black bear is almost dead.
The black bear bites you.
The black bear claws you but does no damage.
You block the black bear's attack. The black bear closely misses you.
The black bear claws you. You block the black bear's attack.
You barely miss the black bear.
The black bear is almost dead.
The black bear closely misses you.
The black bear claws you but does no damage.
The black bear claws you.
You slash the black bear!
You kill the black bear!
Your Axes skill increases to level 7!
As you open the door, it creaks loudly!
An ogre comes into view. It is wielding a +0 giant spiked club.
The ogre shouts!
You hear a shout! x3
There is an open door here.
The ogre barely misses you.
You hit the ogre.
The ogre is lightly wounded.
The ogre hits you with a +0 giant spiked club!!!
Ouch! That really hurt!
* * * LOW HITPOINT WARNING * * *
You hear an angry hiss.
You slash the ogre!
The ogre is heavily wounded.
You hear a shout! x2
The ogre hits you with a +0 giant spiked club!!
You die...

...........#
.#
...........#
##
...........#
...........+
...........#
.....!.....#
#######'####
#.# #@# #O#
#.# #.# ..#
###


You could see an ogre.

Vanquished Creatures
  3 black bears (D:4)
  An ogre (D:4)
  A scorpion (D:4)
  A hound (D:2)
  9 adders
  4 worms
  3 dart slugs
  7 orcs
  8 bats
  4 endoplasms
  6 giant cockroaches
  6 goblins
  7 hobgoblins
  3 kobolds
  3 quokkas
  4 ball pythons
  6 frilled lizards
  8 rats
84 creatures vanquished.

Notes
Turn   | Place    | Note
-------+----------+-------------------------------------------
     0 | D:1      | fireball365 the Hill Orc Fighter began the quest for the
                  | Orb.
     0 | D:1      | Reached XP level 1. HP: 19/19 MP: 1/1
    47 | D:1      | Reached XP level 2. HP: 27/27 MP: 2/2
   338 | D:1      | Reached XP level 3. HP: 33/33 MP: 3/3
   730 | D:2      | Reached skill level 3 in Axes
   730 | D:2      | Reached XP level 4. HP: 28/40 MP: 4/4
   858 | D:2      | Found a shadowy altar of Dithmenos.
  1087 | D:2      | Reached skill level 4 in Axes
  1426 | D:3      | Found a faded altar of an unknown god.
  1498 | D:3      | Reached XP level 5. HP: 43/47 MP: 5/5
  1883 | D:3      | Reached skill level 5 in Axes
  1886 | D:3      | Reached skill level 1 in Dodging
  2086 | D:3      | Found a large runed translucent door.
  2086 | D:3      | Found a large runed translucent door.
  2088 | D:3      | Noticed Barill's ghost (amateur DsWn)
  2407 | D:4      | Reached XP level 6. HP: 50/53 MP: 6/6
  2432 | D:4      | Noticed a black bear
  2444 | D:4      | Killed a black bear
  2445 | D:4      | Reached skill level 6 in Axes
  2623 | D:4      | Reached skill level 5 in Fighting
  2623 | D:4      | Reached skill level 5 in Armour
  2623 | D:4      | Reached XP level 7. HP: 45/61 MP: 7/7
  2770 | D:4      | Reached skill level 7 in Axes
  2780 | D:4      | Mangled by an ogre

Illustrated notes

Levels and vault maps discovered:
D:1:      erik_arrival_orb_chamber, layout_basic
D:2:      layout_basic, basic_altar
D:3:      minmay_thinvault, layout_rooms, ebering_ghost_disaster_area,
          dreamdust_ecumenical_altar_grove
D:4:      layout_basic, uniq_duvessa

Skill      XL: |  1  2  3  4  5  6  7 |
---------------+----------------------+-----
Fighting       | 4 5 |  5.2
Armour         | 4 5 |  5.4
Axes           | 3 4 5 6 7 |  7.1
Dodging        | 1 |  1.5
Stealth        | |  0.5
Shields        | |  3.8

Action                     |  1- 3 |  4- 6 |  7- 9 || total
---------------------------+-------+-------+-------++-------
  Melee: War axe           |    53 |   153 |    35 ||   241
 Armour: Scale mail        |    64 |   103 |    26 ||   193
  Dodge: Dodged            |    46 |   132 |    21 ||   199
  Block: Buckler           |    26 |    40 |     3 ||    69
